 Dungeon Crawl Stone Soup version 0.31.0-32-g396128a36d (webtiles) character file.

Game seed: 418421702403787772

107 PaiMei the Grave Robber (level 4, -1/30 HPs)
             Began as a Demonspawn Necromancer on Apr 11, 2024.
             Splashed by a jelly's acid (9 damage)
             ... on level 3 of the Dungeon.
             The game lasted 00:03:59 (3183 turns).

PaiMei the Grave Robber (Demonspawn Necromancer)    Turns: 3183, Time: 00:04:00

Health: -1/30      AC: -2    Str:  8    XL:     4   Next: 57%
Magic:  5/8        EV: 12    Int: 18    God:
Gold:   117        SH:  0    Dex: 13    Spells: 7/8 levels left

rFire   . . .        m - +0 dagger (protect)
rCold   . . .        (no shield)
rNeg    . . .        a - +0 robe
rPois   .            (no helmet)
rElec   .            (no cloak)
rCorr   .            (no gloves)
SInv    .            (no boots)
Will    .....        (no amulet)
Stlth   ++           (no ring)
HPRegen 0.25/turn    (no ring)
MPRegen 0.11/turn

%: no passive effects
@: corroded
A: hooves 1
a: no special abilities


You were on level 3 of the Dungeon.
You visited 1 branch of the dungeon, and saw 3 of its levels.

You collected 117 gold pieces.

Inventory:

Hand Weapons
 c - a +0 whip
 m - a +0 dagger of protection (weapon)
Missiles
 i - 2 poisoned darts (quivered)
 o - a throwing net
Armour
 a - a +0 robe (worn)
Jewellery
 g - a ring of resist corrosion
Scrolls
 d - 2 scrolls of identify {unknown}
 e - 2 scrolls of enchant weapon {unknown}
 h - 2 scrolls of teleportation {unknown}
 j - 2 scrolls of fear {unknown}
 l - a scroll of fog {unknown}
 n - a scroll of noise {unknown}
 p - a scroll of blinking {unknown}
Potions
 b - 2 potions of magic
 f - a potion of attraction {unknown}
 k - 2 potions of resistance {unknown}


   Skills:
 + Level 2.6 Dodging
 + Level 2.8 Stealth
 + Level 2.8 Spellcasting
 + Level 5.0 Necromancy


You had 7 spell levels left.
You knew the following spells:

 Your Spells              Type           Power      Damage    Failure   Level
a - Necrotise             Necr           80%        1d8       2%          1

Your spell library contained the following spells:

 Spells                   Type           Power      Damage    Failure   Level
 Vampiric Draining        Necr           20%        2d7       6%          3
 Animate Dead             Necr           20%        N/A       22%         4
 Curse of Agony           Necr           20%        N/A       52%         5


Dungeon Overview and Level Annotations

Branches:
Dungeon (3/15)

Altars:
Gozag
Nemelex Xobeh
Qazlal
Wu Jian

Shops:
D:3 [


Innate Abilities, Weirdness & Mutations

You have large cloven feet.


Message History

Your kobold skeleton crumbles into dust!
As you open the door, it creaks loudly!
A jelly comes into view.
The jelly quivers.
Found a hobgoblin skeleton. 6 endoplasms and 2 jellies come into view.
Found four hobgoblin skeletons and a quarterstaff.
Found six altars.
The jelly quivers.
There is an open door here.
Casting: Necrotise (safe; 2% risk of failure)
Confirm with . or Enter, or press ? or * to list all spells.
Aiming: Necrotise (safe; 2% risk of failure)
Press: ? - help, Shift-Dir - straight line, f - jelly
Aim: a jelly (chance to affect: 84%)
The jelly writhes in agony.
The endoplasm hits the toadstool.
The jelly hits you. The acid corrodes you!
You are splashed with acid!
Something hits the fungus.
The fungus begins to die.
Casting: Necrotise (safe; 2% risk of failure)
Confirm with . or Enter, or press ? or * to list all spells.
Aiming: Necrotise (safe; 2% risk of failure)
Press: ? - help, Shift-Dir - straight line, f/p - jelly
Aim: a jelly (lightly wounded, chance to affect: 84%)
The jelly writhes in agony.
The jelly hits the fungus.
The fungus is splashed with acid.
The acid corrodes the fungus!
The jelly hits you. The acid corrodes you!
You are splashed with acid.
* * * LOW HITPOINT WARNING * * *
Something hits the fungus.
Casting: Necrotise (safe; 2% risk of failure)
Confirm with . or Enter, or press ? or * to list all spells.
Aiming: Necrotise (safe; 2% risk of failure)
Press: ? - help, Shift-Dir - straight line, f/p - jelly
Aim: a jelly (heavily wounded, chance to affect: 84%)
The jelly writhes in agony.
The jelly hits the fungus.
The fungus is splashed with acid!
The fungus seems to be corroded for longer.
The jelly hits you.
* * * LOW HITPOINT WARNING * * *
You are splashed with acid!
You die...

....# ################# ....##
### .....# #)..÷..##.#######
.....# #P....P#.#.#....#########
.....####......#.#.#.....##.#...#
.......##___PJJ#.#'#.....)'.#...#
...'++.##÷.÷J..#.#....[..)'.....#
...+∩'.##_._.J_#)#........'.....#
...+'+###..J..J#@#.......##.#...#
).....# #PPPPJPJ##......#####...#
.....## #..÷.JJ########## #....
.....# ####### #.... .....#
####### #...# .....# #.....#
###...# .....# #.....######.'...#
'##### #.....#....#.#.... '###
####.....#......#....


You could see 2 jellies and 2 endoplasms.

Vanquished Creatures
  4 adders
  2 dart slugs (D:1)
  3 orcs (D:3)
  5 ball pythons
  7 bats
  2 endoplasms (D:2)
  2 giant cockroaches (D:1)
  5 goblins
  5 hobgoblins
  2 jackals (D:3)
  12 kobolds
  3 quokkas
  4 frilled lizards
  3 rats
59 creatures vanquished.

Notes
Turn   | Place    | Note
-------+----------+-------------------------------------------
     0 | D:1      | PaiMei the Demonspawn Necromancer began the quest for the
                  | Orb.
     0 | D:1      | Reached XP level 1. HP: 13/13 MP: 3/3
   408 | D:1      | Gained mutation: You have large cloven feet. [demonic
                  | ancestry]
   408 | D:1      | Reached XP level 2. HP: 19/19 MP: 0/5
   728 | D:1      | Found a faded altar of an unknown god.
  1683 | D:2      | Reached XP level 3. HP: 24/24 MP: 4/6
  2454 | D:3      | Reached XP level 4. HP: 30/30 MP: 4/7
  2537 | D:3      | Found Dopuirid's Armour Shop.
  2892 | D:3      | Reached skill level 5 in Necromancy
  2998 | D:3      | Found a sparkling altar of Nemelex Xobeh.
  3179 | D:3      | Found an ornate altar of the Wu Jian Council.
  3179 | D:3      | Found a sparkling altar of Nemelex Xobeh.
  3179 | D:3      | Found a stormy altar of Qazlal.
  3179 | D:3      | Found an opulent altar of Gozag.
  3183 | D:3      | Splashed by a jelly's acid

Illustrated notes

Levels and vault maps discovered:
D:1:      mrwooster_arrival_statue_3, layout_basic,
          shapermc_ecumenical_altar_ellora
D:2:      layout_rooms
D:3:      cheibrodos_fertilizer, layout_basic, lemuel_coloured_pillars_altar,
          serial_shops, nicolae_shop_tiny_real_fake_doors

Skill      XL: |  1  2  3  4 |
---------------+-------------+-----
Stealth        | 2 |  2.8
Dodging        | 2 |  2.6
Necromancy     | 5 |  5.0
Spellcasting   | |  2.8

Action                     |  1- 3 |  4- 6 || total
---------------------------+-------+-------++-------
  Melee: Whip              |    22 |       ||    22
         Kick              |     3 |     3 ||     6
         Dagger            |     1 |    11 ||    12
   Cast: Necrotise         |    73 |    35 ||   108
 Armour: Robe              |    24 |    14 ||    38
  Dodge: Dodged            |    28 |    17 ||    45
